 Dungeon Crawl Stone Soup version 0.31-a0-325-g067879e3d3 (webtiles) character file.

Game seed: 8970880602379523727

23533 Newt the Carver (level 13, 0/101 HPs)
             Began as a Barachi Fighter on July 18, 2023.
             Was a High Priest of the Shining One.
             Slain by a two-headed ogre
             ... wielding a +0 giant club
              (11 damage)
             ... on level 12 of the Dungeon.
             The game lasted 00:19:17 (13738 turns).

Newt the Carver (Barachi Fighter)                  Turns: 13738, Time: 00:19:17

Health: 0/101      AC: 23    Str: 22    XL:     13   Next: 7%
Magic:  0/20       EV: 13    Int:  9    God:    the Shining One [*****.]
Gold:   888        SH:  6    Dex: 12    Spells: 12/12 levels left

rFire   + . .        W - +3 long sword
rCold   + . .        X - +1 buckler {AC+3}
rNeg    + + .        w - +4 chain mail
rPois   .            (no helmet)
rElec   .            R - scarf {rC+ rF+}
rCorr   .            C - +0 pair of gloves
SInv    .            V - +2 pair of boots
Will    .....        L - amulet of guardian spirit Stlth
                     g - +5 ring of evasion
HPRegen 0.36/turn    D - +4 ring of slaying
MPRegen 0.17/turn

%: guardian spirit
@: glowing, slow
A: amphibious, slowness 1, strong legs 2, +LOS
a: Hop, Renounce Religion, Divine Shield, Cleansing Flame, Summon Divine Warrior


You were on level 12 of the Dungeon.
You worshipped the Shining One.
The Shining One was extremely pleased with you.
You visited 2 branches of the dungeon, and saw 13 of its levels.

You collected 888 gold pieces.

Inventory:

Hand Weapons
 a - a +0 long sword of flaming
 h - a +1 mace of holy wrath
 i - a +2 dagger of venom
 o - a +2 short sword of protection
 u - a +0 falchion
 O - a +2 scimitar
 W - a +3 long sword (weapon)
Missiles
 r - 2 throwing nets
 y - 8 boomerangs (quivered)
 G - 21 poisoned darts
 N - 10 javelins
Armour
 b - a +0 scale mail
 c - a +0 buckler
 w - a +4 chain mail (worn)
 B - a +0 cloak
 C - a +0 pair of gloves (worn)
 H - a +0 pair of boots
 R - a scarf of resistance (worn)
 T - a +0 pair of boots of stealth
 V - a +2 pair of boots (worn)
 X - a +1 buckler of protection (worn)
Jewellery
 e - an amulet of faith
 g - a +5 ring of evasion (left hand)
 D - a +4 ring of slaying (right hand)
 J - a ring of willpower
 L - an amulet of guardian spirit (around neck)
 S - a ring of ice
Wands
 j - a wand of paralysis (16)
 s - a wand of flame (16)
 v - a wand of iceblast (5)
 M - a wand of polymorph (5)
 P - a wand of quicksilver (9)
Scrolls
 f - a scroll of vulnerability
 z - 7 scrolls of teleportation
 A - 4 scrolls of fear
 F - 2 scrolls of amnesia
 Q - 2 scrolls of enchant armour
Potions
 d - a potion of might
 k - 2 potions of lignification
 l - 7 potions of curing
 m - a potion of brilliance
 n - a potion of invisibility
 q - 2 potions of attraction
 t - a potion of mutation
 x - a potion of enlightenment
 E - 3 potions of magic
 I - a potion of resistance {unknown}
 K - a potion of haste {unknown}


   Skills:
 - Level 9.0 Fighting
 - Level 3.6(9.5) Short Blades
 - Level 14.7(15.0) Long Blades
 - Level 6.0 Throwing
 - Level 10.0 Armour
 - Level 6.8 Shields
 + Level 9.5 Invocations
 - Level 6.0 Evocations


You had 12 spell levels left.
You didn't know any spells.
Your spell library contained the following spells:

 Spells                   Type           Power      Damage    Failure   Level
 Freeze                   Ice            0%         1d3       93%         1
 Sandblast                Erth           0%         2d4       93%         1
 Shock                    Conj/Air       0%         1d3       93%         1
 Ensorcelled Hibernation  Hex/Ice        0%         N/A       98%         2
 Passwall                 Tmut/Erth      0%         N/A       98%         2
 Frozen Ramparts          Ice            0%         1d1       100%        3
 Hailstorm                Conj/Ice       0%         3d3       100%        3
 Stone Arrow              Conj/Erth      0%         3d7       100%        3
 Swiftness                Air            0%         N/A       100%        3
 Airstrike                Air            0%         2d(0-16)  100%        4
 Anguish                  Hex/Necr       0%         N/A       100%        4
 Animate Armour           Summ/Erth      0%         N/A       100%        4
 Manifold Assault         Tloc           0%         N/A       100%        4
 Summon Ice Beast         Ice/Summ       0%         N/A       100%        4
 Dispersal                Tloc           0%         N/A       100%        6
 Simulacrum               Ice/Necr       0%         N/A       100%        6
 Disjunction              Tloc           0%         N/A       100%        8
 Lehudib's Crystal Spear  Conj/Erth      0%         10d2      100%        8


Dungeon Overview and Level Annotations

Branches:
Dungeon (12/15)            Temple (1/1) D:6            Lair (0/5) D:9
    Orc (0/2) D:10

Altars:
Ashenzari
Cheibriados
Dithmenos
Elyvilon
Fedhas
Gozag
Hepliaklqana
Kikubaaqudgha
Makhleb
Nemelex Xobeh
Okawaru
Qazlal
Ru
Sif Muna
Trog
Uskayaw
Vehumet
Wu Jian
Xom
Yredelemnul
Zin
The Shining One

Shops:
D:4 *


Innate Abilities, Weirdness & Mutations

You are amphibious.
You cover ground slowly.
You can hop long distances.
You have an extended range of vision and can be seen from far away.


Message History

You hit the two-headed ogre.
The two-headed ogre is heavily wounded.
You hit the two-headed ogre.
The two-headed ogre is severely wounded.
The two-headed ogre hits you but does no damage.
The two-headed ogre hits you with a +0 giant spiked club!
You slash the two-headed ogre!
The two-headed ogre is almost dead.
You slash the two-headed ogre!
You kill the two-headed ogre!
Your Invocations skill increases to level 9!
You slash the two-headed ogre!
The two-headed ogre is heavily wounded.
The two-headed ogre closely misses you. x2
You slash the two-headed ogre!
The two-headed ogre is severely wounded.
The two-headed ogre barely misses you.
The two-headed ogre hits you but does no damage.
You hit the two-headed ogre.
The two-headed ogre is almost dead.
The two-headed ogre is no longer moving quickly.
The two-headed ogre hits you with a +0 giant spiked club!
* * * LOW HITPOINT WARNING * * *
The two-headed ogre misses you.
You slash the two-headed ogre!
The two-headed ogre is almost dead.
You hit the two-headed ogre.
You kill the two-headed ogre!
The cyclops throws a large rock.
The large rock hits you!
* * * LOW HITPOINT WARNING * * *
Unknown command.
There is an open door here.
The two-headed ogre hits you with a +0 giant club.
* * * LOW HITPOINT WARNING * * *
The two-headed ogre hits you with a +0 giant club!
The Shining One protects you from harm!
The two-headed ogre attacks as you move away!
The two-headed ogre misses you.
The two-headed ogre hits you with a +0 giant club!
You die...

#.# #.# #.#
#.####### ########
#.......# #......#
#.......# #......#
#..O....# #......#
#####.......#
#......#
#...<@O###'##
#.)....# ######.#
#.####......#
....#.O.O)O.....#
##.#.######†......
..#.# #....... ###
# #.......
.....##.. ####O.#
. .O..


You could see a two-headed ogre and an ogre.

Vanquished Creatures
  Fannar (D:10)
  A hydra (D:10)
  An ogre mage (D:12)
  A tengu warrior (D:10)
  2 boulder beetles (D:10)
  8 two-headed ogres
  Nergalle (D:11)
  2 ugly things
  3 cyclopes
  Joseph (D:7)
  Maggie (D:9)
  A gargoyle (D:11)
  A rime drake (D:9)
  An unseen horror (D:11)
  A komodo dragon (D:10)
  A polar bear (D:9)
  Grinder (D:4)
  A wyvern (D:11)
  A wraith (D:10)
  3 shadows
  A basilisk (D:10)
  An unseen horror simulacrum (D:10)
  24 yaks
  A yak (shapeshifter) (D:10)
  A steam dragon (D:8)
  Grum (D:10)
  3 vampire mosquitoes (D:11)
  A two-headed ogre zombie (D:10)
  A water moccasin (D:7)
  An acid dragon (D:11)
  Duvessa (D:4)
  2 orc warriors
  10 ice beasts
  An ogre (D:6)
  5 wolves
  2 centaurs
  3 phantoms
  3 kobold brigands
  A gnoll sergeant (D:11)
  5 bullfrogs
  4 scorpions
  3 wights (D:8)
  Dowan (D:4)
  3 troll zombies (D:10)
  17 killer bees
  An electric eel (D:10)
  4 howler monkeys (D:11)
  2 jellies
  Crazy Yiuf (D:4)
  3 hounds
  4 orc priests
  3 gnoll boudas
  3 iguanas
  7 orc wizards
  4 ogre zombies (D:10)
  7 adders
  19 gnolls
  4 white imps
  2 ufetubi
  4 worms
  2 dart slugs
  37 orcs
  5 ball pythons
  3 bats
  8 endoplasms
  4 giant cockroaches
  15 goblins
  14 hobgoblins
  5 jackals
  6 quokkas
  2 frilled lizards
  3 goblin skeletons (D:10)
  2 goblin zombies (D:10)
  A hobgoblin skeleton (D:10)
  4 hobgoblin zombies (D:10)
  20 kobolds
  An orc skeleton (D:10)
  12 orc zombies (D:10)
  9 rats
350 creatures vanquished.

Vanquished Creatures (others)
  An orc wizard (D:12)
  A hobgoblin zombie (D:10)
  An orc zombie (D:10)
3 creatures vanquished.

Grand Total: 353 creatures vanquished

Notes
Turn   | Place    | Note
-------+----------+-------------------------------------------
     0 | D:1      | Newt the Barachi Fighter began the quest for the Orb.
     0 | D:1      | Reached XP level 1. HP: 18/18 MP: 1/1
   132 | D:1      | Reached XP level 2. HP: 25/25 MP: 2/2
   506 | D:1      | Reached XP level 3. HP: 32/32 MP: 3/3
   518 | D:1      | Reached skill level 5 in Fighting
   905 | D:1      | Reached skill level 1 in Short Blades
  1212 | D:2      | Reached XP level 4. HP: 39/39 MP: 4/4
  1266 | D:2      | Found a blossoming altar of Fedhas.
  2034 | D:3      | Reached XP level 5. HP: 36/44 MP: 5/5
  2533 | D:3      | Found a faded altar of an unknown god.
  2993 | D:4      | Reached skill level 5 in Shields
  2993 | D:4      | Reached XP level 6. HP: 45/51 MP: 6/6
  3223 | D:4      | Noticed Dowan
  3225 | D:4      | Noticed Duvessa
  3251 | D:4      | Noticed Grinder
  3253 | D:4      | Killed Duvessa
  3254 | D:4      | Reached XP level 7. HP: 46/56 MP: 7/7
  3276 | D:4      | Killed Grinder
  3277 | D:4      | Reached skill level 5 in Armour
  3284 | D:4      | Killed Dowan
  3643 | D:4      | Found Zaawiu's Fire Supplies.
  3726 | D:4      | Found a runed translucent door.
  3727 | D:4      | Noticed Crazy Yiuf
  4145 | D:4      | Killed Crazy Yiuf
  4211 | D:5      | Entered Level 5 of the Dungeon
  4242 | D:5      | Reached XP level 8. HP: 57/62 MP: 8/8
  4283 | D:4      | Reached skill level 3 in Long Blades
  4314 | D:4      | Reached skill level 4 in Long Blades
  4804 | D:5      | Reached skill level 5 in Long Blades
  5199 | D:5      | Reached skill level 6 in Long Blades
  5901 | D:6      | Reached skill level 7 in Long Blades
  5958 | D:6      | Found a staircase to the Ecumenical Temple.
  6073 | Temple   | Entered the Ecumenical Temple
  6117 | Temple   | Became a worshipper of the Shining One
  6738 | D:7      | Reached XP level 9. HP: 39/68 MP: 9/9
  7365 | D:7      | Noticed Joseph
  7384 | D:7      | Killed Joseph
  7385 | D:7      | Reached skill level 10 in Armour
  7638 | D:8      | Reached * piety under the Shining One
  7738 | D:8      | Reached skill level 1 in Throwing
  8097 | D:8      | Reached XP level 10. HP: 78/83 MP: 10/10
  8466 | D:8      | Reached skill level 5 in Throwing
  8572 | D:8      | Found an ornate altar of the Wu Jian Council.
  9238 | D:9      | Noticed a two-headed ogre
  9244 | D:9      | Killed a two-headed ogre
  9245 | D:9      | Reached skill level 8 in Long Blades
  9355 | D:9      | Noticed a two-headed ogre
  9374 | D:9      | Killed a two-headed ogre
  9375 | D:9      | Reached skill level 9 in Long Blades
  9381 | D:9      | Reached skill level 10 in Long Blades
  9414 | D:9      | Reached skill level 11 in Long Blades
  9424 | D:9      | Reached XP level 11. HP: 25/89 MP: 6/11
  9566 | D:9      | Reached skill level 1 in Invocations
  9568 | D:9      | Noticed Maggie
  9584 | D:9      | Killed Maggie
  9743 | D:9      | Found a staircase to the Lair.
  9750 | D:9      | Reached ** piety under the Shining One
 10070 | D:9      | Noticed a two-headed ogre
 10076 | D:9      | Killed a two-headed ogre
 10077 | D:9      | Reached skill level 5 in Invocations
 10274 | D:10     | Entered Level 10 of the Dungeon
 10405 | D:10     | Noticed Fannar
 10435 | D:10     | Killed Fannar
 10436 | D:10     | Reached skill level 1 in Evocations
 10547 | D:10     | Reached *** piety under the Shining One
 10565 | D:10     | Found a staircase to the Orcish Mines.
 10609 | D:10     | Reached **** piety under the Shining One
 10739 | D:10     | Noticed a cyclops
 10739 | D:10     | Noticed a boulder beetle
 10755 | D:10     | Killed a cyclops
 10767 | D:10     | Killed a boulder beetle
 10768 | D:10     | Reached skill level 5 in Evocations
 11002 | D:10     | Noticed Grum
 11017 | D:10     | Killed Grum
 11187 | D:10     | Noticed a boulder beetle
 11209 | D:10     | Reached skill level 12 in Long Blades
 11210 | D:10     | Killed a boulder beetle
 11211 | D:10     | Reached XP level 12. HP: 82/95 MP: 12/16
 11557 | D:10     | Identified the staff "Pulyrph" {rElec rC+ Int-2 SInv Ice}
 11649 | D:10     | Noticed a tengu warrior
 11660 | D:10     | Killed a tengu warrior
 11661 | D:10     | Reached skill level 13 in Long Blades
 11822 | D:10     | Noticed an eight-headed hydra
 11846 | D:10     | Killed an eight-headed hydra
 12113 | D:11     | Noticed a two-headed ogre
 12117 | D:11     | Killed a two-headed ogre
 12118 | D:11     | Reached skill level 14 in Long Blades
 12137 | D:11     | Noticed Nergalle
 12177 | D:11     | Killed Nergalle
 12495 | D:11     | Noticed a two-headed ogre
 12505 | D:11     | Killed a two-headed ogre
 12825 | D:11     | Reached ***** piety under the Shining One
 13681 | D:12     | Noticed an ogre mage
 13691 | D:12     | Noticed a two-headed ogre
 13691 | D:12     | Noticed a two-headed ogre
 13691 | D:12     | Noticed a two-headed ogre
 13692 | D:12     | Noticed a two-headed ogre
 13704 | D:12     | Killed an ogre mage
 13715 | D:12     | Killed a two-headed ogre
 13716 | D:12     | Gained mutation: You can hop long distances. [Barachi
                  | growth]
 13716 | D:12     | Reached XP level 13. HP: 50/101 MP: 10/19
 13735 | D:12     | The Shining One protects you from harm!
 13738 | D:12     | Slain by a two-headed ogre

Illustrated notes

Levels and vault maps discovered:
D:1:      wander_arrival_lonely_grave, layout_basic
D:2:      cheibrodos_greedy_goblins, layout_loops_ring, basic_altar
D:3:      layout_loops_ring, ebering_ecumenical_altar_ruins
D:4:      layout_basic, glass_columns_c, nicolae_shop_fire_sale
          [nicolae_sub_dead_trees], minmay_between, uniq_crazy_yiuf_cottage,
          uniq_grinder, uniq_duvessa
D:5:      layout_gridville, serial_glass, glass_columns_b, glass_columns_a
D:6:      layout_cave_pods, minmay_temple_entry_arrows, corner_web_ring
D:7:      layout_gridville, palyth_stone_intersect, uniq_joseph
D:8:      layout_basic, lemuel_doored_altar
D:9:      layout_roguey, hellmonk_lair_entry_icy, uniq_maggie
D:10:     minmay_tri_box, layout_rooms, zombieorc2_lemuel, serial_bayou_pond_b,
          uniq_grum, uniq_fannar
D:11:     layout_layer_cave, minmay_starry_boxes, uniq_nergalle
D:12:     layout_basic
Temple:   minmay_crystal_snake_temple

Skill      XL: |  1  2  3  4  5  6  7  8  9 10 11 12 13 |
---------------+----------------------------------------+-----
Fighting       | 4 5 9 |  9.0
Short Blades   | 2 3 |  3.6
Shields        | 5 6 |  6.8
Armour         | 7 8 10 | 10.0
Long Blades    | 7 11 12 14 | 14.7
Throwing       | 2 6 |  6.0
Invocations    | 6 8 9 |  9.5
Evocations     | 6 |  6.0

Action                     |  1- 3 |  4- 6 |  7- 9 | 10-12 | 13-15 || total
---------------------------+-------+-------+-------+-------+-------++-------
  Melee: Long sword        |    52 |       |    93 |   217 |    13 ||   375
         Dagger            |    49 |   234 |   333 |    17 |       ||   633
         Scimitar          |       |       |    30 |   477 |       ||   507
  Throw: Dart              |       |       |       |    25 |       ||    25
         Boomerang         |       |       |       |     9 |       ||     9
Ability: Hop               |       |       |       |     2 |       ||     2
  Evoke: Wand              |       |       |     4 |     4 |       ||     8
    Use: Scroll            |     3 |     5 |     8 |     7 |       ||    23
         Potion            |       |       |       |     2 |       ||     2
   Stab: Paralysed         |       |       |     3 |       |       ||     3
 Armour: Scale mail        |    36 |    49 |    47 |       |       ||   132
         Chain mail        |       |       |    81 |   256 |     4 ||   341
  Dodge: Dodged            |    65 |   120 |   226 |   328 |     5 ||   744
  Block: Buckler           |    22 |    37 |   109 |   159 |       ||   327

Table legend: (Time is in decaauts)
 A = Elapsed time spent in this place.
 B = Non-inter-level travel time spent in this place.
 C = Inter-level travel time spent in this place.
 D = Time resting spent in this place.
 E = Time spent auto-exploring this place.
 F = Levels seen in this place.
 G = Mean time per level.
                   A        B        C        D        E       F      G
               +--------+--------+--------+--------+--------+-----+--------+
         Total |  15085 |  14453 |    632 |   2336 |   9597 |  13 | 1160.4 |
       Dungeon |  14982 |  14450 |    532 |   2336 |   9597 |  12 | 1248.5 |
        Temple |    103 |      3 |    100 |      0 |      0 |   1 |  103.0 |
               +--------+--------+--------+--------+--------+-----+--------+

Top non-repeatable levels by time:
    D:10: 1894 daAuts
     D:4: 1700 daAuts
     D:8: 1699 daAuts
    D:11: 1679 daAuts
     D:6: 1297 daAuts
     D:9: 1215 daAuts
     D:1: 1173 daAuts
     D:5: 1117 daAuts
     D:2: 1101 daAuts
     D:7: 1011 daAuts
     D:3: 989 daAuts
  Temple: 103 daAuts
    D:12: 102 daAuts
